 Dungeon Crawl Stone Soup version 0.20-a0-788-g5cc1a67 (console) character file.

284 Blackmore the Ducker (level 6, -3/28 HPs)
             Began as a Felid Berserker on Feb 28, 2017.
             Was a Priest of Trog.
             Slain by a killer bee zombie (6 damage)
             ... on level 6 of the Dungeon.
             The game lasted 00:12:40 (2590 turns).

Blackmore the Ducker (Felid Berserker)              Turns: 2590, Time: 00:12:41

Health: -3/28      AC:  2    Str: 15    XL:     6   Next: 7%
Magic:  7/7        EV: 21    Int:  9    God:    Trog [***...]
Gold:   133        SH:  0    Dex: 15    Spells: 5/5 levels left
                                        Lives:  0   Deaths: 1

rFire    . . .     SeeInvis +     - Unarmed
rCold    . . .     Gourm    .   (armour unavailable)
rNeg     . . .     Faith    .   (shield unavailable)
rPois    .         Spirit   .   (helmet unavailable)
rElec    .         Reflect  .   (cloak unavailable)
rCorr    .         Harm     .   (gloves unavailable)
MR       .....                  (boots unavailable)
Stlth    +++.......             (no amulet)
Regen    0.1/turn               (no ring)
MPRegen  0.1/turn               (no ring)

@: exhausted, quick
A: no armour, no weapons or thrown items, stealth, claws 1, fangs 3, see
invisible, carnivore 3, speed 1, shaggy fur 2, slow metabolism 1, sharp paws
a: Berserk, Trog's Hand, Burn Spellbooks, Renounce Religion


You were on level 6 of the Dungeon.
You worshipped Trog.
Trog was most pleased with you.
You were completely stuffed.

You visited 1 branch of the dungeon, and saw 6 of its levels.

You collected 133 gold pieces.

Inventory:

Wands
 s - a wand of flame (44/48)
Scrolls
 b - 2 scrolls of remove curse {unknown}
 c - a scroll of enchant armour {unknown}
 e - 4 scrolls of teleportation {unknown}
 f - a scroll of recharging
 h - 2 scrolls of identify {unknown}
 l - a scroll of noise {unknown}
 n - 2 scrolls of magic mapping {unknown}
 p - a scroll of immolation {unknown}
 q - a scroll of fear {unknown}
Potions
 d - 2 potions of flight {unknown}
 i - a potion of mutation {unknown}
 j - 2 potions of curing
 k - a potion of lignification {unknown}
 m - a potion of degeneration {unknown}
 o - 2 potions of might {unknown}
Comestibles
 a - a meat ration
 g - 3 chunks of flesh
 r - 2 royal jellies


   Skills:
 + Level 3.7 Fighting
 * Level 5.9 Dodging
 * Level 4.6 Stealth
 + Level 4.8 Unarmed Combat


You had 5 spell levels left.
You didn't know any spells.

Dungeon Overview and Level Annotations

Branches:
Dungeon (6/15)             Temple (0/1) D:4

Altars:
Fedhas
Qazlal

Shops:
D:4 :


Innate Abilities, Weirdness & Mutations

You cannot wear armour.
You are incapable of wielding weapons or throwing items.
Your paws allow you to move quietly. (Stealth)
You have sharp claws.
You have razor-sharp teeth.
You have supernaturally acute eyesight. (SInv)
You are carnivorous and can eat meat at any time.
You cover ground quickly.
You are covered in thick fur. (AC +2)
You have a slow metabolism.
Your sharp claws are effective at attacking unaware monsters.


Message History

The killer bee zombie completely misses you.
The orc throws a tomahawk.
The tomahawk misses you. The killer bee zombie misses you.
Unknown command.
The orc throws a tomahawk.
The tomahawk misses you.
Found 9 gold pieces.
You see here a tomahawk.
The crimson imp shouts!
The crimson imp blinks!
The orc wizard closely misses you. The killer bee zombie hits you.
* * * LOW HITPOINT WARNING * * *
The iguana bites you.
* * * LOW HITPOINT WARNING * * *
The killer bee zombie completely misses you.
The orc wizard casts a spell.
The orc wizard blinks!
The iguana completely misses you.
The orc wizard mumbles some strange words.
The orc wizard blinks!
The killer bee zombie hits you.
You die...

... #5.
....######..
.....O(..F.# ###
....$§...#.###....
.........#.....#
#.........(o#
#.....((.##.#
#........l#.##
#......@Z.o§.#
##########.....#
#.....# #.....#
#######


You could see an ogre (wandering), a bullfrog (wandering), an iguana, an orc and
a killer bee zombie.

Vanquished Creatures
  A howler monkey (D:5)
  An orc wizard (D:3)
  An orc priest (D:5)
  Jessica (D:3)
  4 worker ants (D:4)
  3 gnolls
  3 adders (D:3)
  An ooze (D:1)
  An adder skeleton (D:4)
  2 worms (D:4)
  2 leopard geckos
  8 orcs
  7 giant cockroaches
  A hobgoblin (D:1)
  2 jackals (D:2)
  3 kobolds
  A quokka (D:4)
  3 ball pythons
  3 bats
  8 frilled lizards
  4 goblins
  5 rats
65 creatures vanquished.

Vanquished Creatures (others)
  A worm (D:4)
1 creature vanquished.

Grand Total: 66 creatures vanquished

Notes
Turn   | Place    | Note
-------+----------+-------------------------------------------
     0 | D:1      | Blackmore the Felid Berserker began the quest for the Orb.
     0 | D:1      | Reached XP level 1. HP: 10/10 MP: 2/2
   372 | D:1      | Reached XP level 2. HP: 14/14 MP: 3/3
   536 | D:1      | Reached skill level 1 in Stealth
   760 | D:2      | Reached ** piety under Trog
   959 | D:3      | Reached XP level 3. HP: 17/17 MP: 4/4
  1010 | D:3      | Noticed Jessica
  1021 | D:3      | Killed Jessica
  1132 | D:3      | Reached XP level 4. HP: 19/21 MP: 5/5
  1188 | D:3      | Found a blossoming altar of Fedhas.
  1247 | D:3      | Found a stormy altar of Qazlal.
  1262 | D:3      | Reached skill level 5 in Dodging
  1425 | D:3      | Found a faded altar of an unknown god.
  1516 | D:3      | Slain by a gnoll
  1517 | D:3      | Reached XP level 3. HP: -1/17 MP: 4/4
  1551 | D:3      | Reached XP level 4. HP: 21/21 MP: 5/5
  1911 | D:4      | Found Qegidack's Book Emporium.
  2110 | D:4      | Reached XP level 5. HP: 24/24 MP: 6/6
  2503 | D:4      | Found a staircase to the Ecumenical Temple.
  2550 | D:5      | Entered Level 5 of the Dungeon
  2556 | D:5      | Reached *** piety under Trog
  2560 | D:5      | Gained mutation: You are covered in thick fur. (AC +2) [Felid growth]
  2560 | D:5      | Reached XP level 6. HP: 28/28 MP: 7/7
  2590 | D:6      | Slain by a killer bee zombie

Vault maps used:
D:1:      dpeg_arrival_pits
D:3:      grunt_temple_overflow_forces_of_nature,
          chequers_ecumenical_altar_twisty, first_bread,
          kennysheep_generic_room_15, uniq_jessica
D:4:      lemuel_temple_firewalk_b, serial_shops, nicolae_shop_stone
D:5:      kennysheep_dice, uniq_edmund
D:6:      grunt_temple_overflow_opulence, grunt_nemelex_the_gamble

Skill      XL: |  1  2  3  4 |
---------------+-------------+-----
Stealth        | 1 2 4 |  4.6
Dodging        | 5 |  5.9
Unarmed Combat | 4 |  4.8
Fighting       | |  3.7

Action                   |  1- 3 |  4- 6 || total
-------------------------+-------+-------++-------
Melee: Unarmed           |    71 |    92 ||   163
       Bite              |     5 |    14 ||    19
       Punch             |     2 |     4 ||     6
Invok: Berserk           |     1 |     4 ||     5
  Use: Potion            |       |     1 ||     1
       Scroll            |       |     1 ||     1
 Stab: Sleeping          |     5 |     7 ||    12
       Distracted        |       |     1 ||     1
  Eat: Chunk             |    10 |    10 ||    20
Dodge: Dodged            |    54 |    73 ||   127
